 Dungeon Crawl Stone Soup version 0.25.1-2-g60ff931df9 (webtiles) character file.

Game seed: 13460476597452976421

49 Allula97 the Sneak (level 3, -1/17 HPs)
             Began as a Spriggan Enchanter on Nov 10, 2020.
             Slain by a gnoll
             ... wielding a +0 halberd
              (13 damage)
             ... on level 2 of the Dungeon.
             The game lasted 00:07:13 (1223 turns).

Allula97 the Sneak (Spriggan Enchanter)             Turns: 1223, Time: 00:07:13

Health: -1/17      AC:  3    Str:  5    XL:     3   Next: 51%
Magic:  1/8        EV: 19    Int: 16    God:
Gold:   59         SH:  0    Dex: 16    Spells: 4/7 levels left

rFire    . . .     SeeInvis +   a - +2 dagger
rCold    . . .     Gourm    .   (shield restricted)
rNeg     . . .     Faith    .   b - +0 robe
rPois    .         Spirit   .   (helmet restricted)
rElec    .         Reflect  .   i - +0 cloak
rCorr    .         Harm     .   (gloves unavailable)
MR       .....                  (boots unavailable)
Stlth    +++.......             j - amulet of inaccuracy (curse)
HPRegen  0.05/turn              (no ring)
MPRegen  0.11/turn              (no ring)

@: very quick
A: very small, unfitting armour, see invisible, herbivore, speed 3, slow
metabolism 2
a: no special abilities


You were on level 2 of the Dungeon.
You were not hungry.

You visited 1 branch of the dungeon, and saw 2 of its levels.

You collected 59 gold pieces.

Inventory:

Hand Weapons
 a - a +2 dagger (weapon)
Armour
 b - a +0 robe (worn)
 c - a +0 buckler
 i - a +0 cloak (worn)
Jewellery
 j - a cursed amulet of inaccuracy (around neck)
Scrolls
 e - a scroll of enchant weapon
Potions
 f - a potion of heal wounds {unknown}
 g - a potion of magic {unknown}
 h - a potion of curing {unknown}
Comestibles
 d - 4 rations


   Skills:
 * Level 0.9 Fighting
 * Level 1.7 Short Blades
 * Level 3.5 Dodging
 * Level 5.0 Stealth
 * Level 0.5 Shields
 + Level 2.9 Spellcasting
 + Level 3.8 Hexes


You had 4 spell levels left.
You knew the following spells:

 Your Spells              Type           Power        Failure   Level  Hunger
a - Corona                Hex            ##.....      4%          1    #......
b - Ensorcelled Hibernat  Hex/Ice        #.....       13%         2    ##.....

Your spell library contained the following spells:

 Spells                   Type           Power        Failure   Level  Hunger
 Confusing Touch          Hex            ##......     12%         3    ###....
 Tukima's Dance           Hex            ##......     12%         3    ###....
 Dazzling Flash           Conj/Hex       #.....       26%         3    ###....


Dungeon Overview and Level Annotations

Branches:
Dungeon (2/15)

Altars:


Innate Abilities, Weirdness & Mutations

You are very small and have problems with some larger weapons.
You are too small for most types of armour.
You have supernaturally acute eyesight. (SInv)
You are a herbivore.
You cover ground extremely quickly.
You need to consume almost no food.


Message History

You see here a +0 club.
Casting: Ensorcelled Hibernation (safe; 14% risk of failure)
Confirm with . or Enter, or press ? or * to list all spells.
Aiming: Ensorcelled Hibernation (safe; 14% risk of failure)
Press: ? - help, Shift-Dir - straight line, f - crimson imp
Aim: a crimson imp (chance to defeat MR: 23%)
The crimson imp looks drowsy...
The water moccasin hisses angrily.
The helpless crimson imp fails to defend itself.
You impale the crimson imp!!
You kill the crimson imp!
Your Stealth skill increases to level 5!
You have reached level 3!
Your experience leads to an increase in your attributes!
Increase (S)trength, (I)ntelligence, or (D)exterity?
You feel stronger. The water moccasin barely misses you.
The gnoll hits you from afar with a +0 halberd!
Ouch! That really hurt!
You die...

.... ..... ..... ......###
#........
#.......###############
#........@..S..........
#......g.####....########
#........####....###.....
#....................#####
#.....g.##########..(.....
##...............).........
#†...##############........
#....# .......... #....#
###+####...


You could see a water moccasin and 2 gnolls.

Vanquished Creatures
  A crimson imp (D:2)
  A worm (D:2)
  2 bats
  2 giant cockroaches (D:1)
  3 hobgoblins
  3 frilled lizards
  A kobold (D:1)
  3 rats
16 creatures vanquished.

Notes
Turn   | Place    | Note
-------+----------+-------------------------------------------
     0 | D:1      | Allula97 the Spriggan Enchanter began the quest for the
                  | Orb.
     0 | D:1      | Reached XP level 1. HP: 9/9 MP: 5/5
   373 | D:1      | Reached XP level 2. HP: 5/13 MP: 6/6
   381 | D:1      | Learned a level 2 spell: Ensorcelled Hibernation
  1194 | D:2      | Noticed a water moccasin
  1201 | D:2      | Noticed a crimson imp
  1213 | D:2      | Killed a crimson imp
  1213 | D:2      | Reached skill level 5 in Stealth
  1213 | D:2      | Reached XP level 3. HP: 12/17 MP: 0/8
  1223 | D:2      | Slain by a gnoll

Illustrated notes

Levels and vault maps discovered:
D:1:      roderic_dead_forest, layout_basic
D:2:      layout_basic, kennysheep_generic_room_8, uniq_crazy_yiuf_cottage

Skill      XL: |  1  2 |
---------------+-------+-----
Stealth        | 5 |  5.0
Fighting       | |  0.9
Short Blades   | |  1.7
Dodging        | |  3.5
Shields        | |  0.5
Spellcasting   | |  2.9
Hexes          | |  3.8

Action                   || total
-------------------------++-------
Melee: Dagger            ||    58
 Cast: Ensorcelled Hiber ||     8
  Use: Scroll            ||     3
 Stab: Sleeping          ||     6
Armor: Robe              ||     6
Dodge: Dodged            ||    35
